 Dungeon Crawl Stone Soup version 0.16-a0-3303-g3c4fcab (webtiles) character file.

35 myeffort the Sneak (level 3, 0/16 HPs)
             Began as a Spriggan Enchanter on Dec 25, 2014.
             Succumbed to an adder's poison
             ... on level 2 of the Dungeon.
             The game lasted 00:03:34 (831 turns).

myeffort the Sneak (Spriggan Enchanter)              Turns: 831, Time: 00:03:35

Health: 0/16       AC:  4    Str:  4    XL:     3   Next: 17%
Magic:  9/9        EV: 19    Int: 16    God:
Gold:   51         SH:  0    Dex: 17    Spells: 2 memorised, 3 levels left

rFire  + . .     SeeInvis +     a - +2 dagger
rCold  + . .     Clarity  .     b - +1 robe
rNeg   . . .     SustAb   .     (shield restricted)
rPois  +         Gourm    .     g - +1 hat
rElec  +         Spirit   .     (no cloak)
rCorr  +         Warding  .     (gloves unavailable)
rMut   .         Stasis   .     (boots unavailable)
MR     .....                    (no amulet)
Stlth  +++.......               (no ring)
                                h - ring of loudness (curse)

@: lethally poisoned, resistant, very quick, not resistant to hostile
enchantments, fairly stealthy
A: unfitting armour, see invisible, herbivore 3, speed 3, slow metabolism 2
a: no special abilities


You were on level 2 of the Dungeon.
You were not hungry.

You visited 1 branch of the dungeon, and saw 2 of its levels.

You collected 51 gold pieces.

Inventory:

Hand weapons
 a - a +2 dagger (weapon)
Missiles
 n - 22 poisoned needles
Armour
 b - a +1 robe (worn)
 g - a +1 hat (worn)
Jewellery
 h - a cursed ring of loudness (left hand)
Scrolls
 j - a scroll of fog {unknown}
 k - a scroll of immolation {unknown}
 m - a scroll of magic mapping {unknown}
Potions
 f - a potion of restore abilities {unknown}
 i - a potion of haste {unknown}
 l - a potion of might {unknown}
Books
 c - a book of Maledictions

   Spells                             Type                      Level
   a - Corona                         Hexes                        1
   b - Sure Blade                     Hexes/Charms                 2
   c - Ensorcelled Hibernation        Hexes/Ice                    2
   d - Confuse                        Hexes                        3
   e - Dazzling Spray                 Conjuration/Hexes            3
   f - Enslavement                    Hexes                        4
Comestibles
 d - 2 bread rations


   Skills:
 - Level 0.2 Fighting
 + Level 1.3 Short Blades
 + Level 3.6 Dodging
 + Level 5.9 Stealth
 - Level 2.6 Spellcasting
 * Level 3.6 Hexes


You had 3 spell levels left.
You knew the following spells:

 Your Spells              Type           Power        Failure   Level  Hunger
a - Corona                Hex            ##.....      6%          1    #......
b - Confuse               Hex            ##......     14%         3    ###....


Dungeon Overview and Level Annotations

Branches:
Dungeon (2/15)

Altars:
Okawaru


Innate Abilities, Weirdness & Mutations

You are tiny and cannot use many weapons and most armour.
You have supernaturally acute eyesight.
You are a herbivore.
You cover ground extremely quickly.
You need consume almost no food.


Message History

The adder is lightly wounded.
* * * LOW HITPOINT WARNING * * *
You feel sick. The adder barely misses you.
You barely miss the adder.
The adder is lightly wounded.
The adder barely misses you.
You hit the adder.
The adder is moderately wounded.
* * * LOW HITPOINT WARNING * * *
You feel sick. The adder misses you.
You hit the adder but do no damage.
The adder is moderately wounded.
The adder closely misses you. The adder misses you.
You hit the adder but do no damage.
The adder is moderately wounded.
The adder barely misses you.
Drink which item? (? for menu, Esc to quit)
It was a potion of resistance.
You feel protected.
You die...

#............<#
#.............#####.
#.......#####...†...
#..........#########
#..........#
#..........#
###'#......#
#.#......#
#@######## #S# #K#
#.######### ##
#........... ..!
#........... ....
#.....S....# ....#
#.......... ....#
#..........


You could see an adder and a kobold.

Vanquished Creatures
  An adder (D:2)
  A giant gecko (D:2)
  5 giant cockroaches
  5 goblins
  2 hobgoblins (D:1)
  2 bats (D:2)
  2 giant newts (D:2)
  3 kobolds (D:1)
  4 rats (D:1)
25 creatures vanquished.

Notes
Turn   | Place    | Note
--------------------------------------------------------------
     0 | D:1      | myeffort, the Spriggan Enchanter, began the quest for the Orb.
     0 | D:1      | Reached XP level 1. HP: 9/9 MP: 4/4
   273 | D:1      | Reached skill level 5 in Stealth
   390 | D:1      | Reached XP level 2. HP: 5/13 MP: 7/7
   506 | D:1      | Found an iron altar of Okawaru.
   743 | D:1      | Reached XP level 3. HP: 7/16 MP: 9/9
   791 | D:2      | Learned a level 3 spell: Confuse
   831 | D:2      | Succumbed to an adder's poison

Action                   || total
-------------------------++-------
Melee: Dagger            ||   103
  Use: Scroll            ||     1
       Potion            ||     1
 Stab: Sleeping          ||     4
